 Dungeon Crawl Stone Soup version 0.22-a0-571-g4a923d4b9e (webtiles) character file.

722 Lucibear the Poker (level 7, 0/50 HPs)
             Began as an Octopode Fighter on July 1, 2018.
             Was an Initiate of Qazlal.
             Slain by a sky beast (2 damage)
             ... on level 5 of the Dungeon.
             The game lasted 00:34:32 (4778 turns).

Lucibear the Poker (Octopode Fighter)               Turns: 4778, Time: 00:34:33

Health: 0/50       AC:  1    Str: 15    XL:     7   Next: 71%
Magic:  7/7        EV: 12    Int: 12    God:    Qazlal [......]
Gold:   196        SH: 10    Dex: 12    Spells: 6/6 levels left

rFire    . . .     SeeInvis .   a - +0 trident
rCold    + . .     Gourm    .   b - +1 shield
rNeg     . . .     Faith    .   (helmet restricted)
rPois    .         Spirit   .   k - amulet of regeneration
rElec    .         Reflect  .   p - ring of protection from cold
rCorr    .         Harm     .   (no ring)
MR       .....                  (no ring)
Stlth    ++........             (no ring)
HPRegen  0.56/turn              (no ring)
MPRegen  0.10/turn              (no ring)
                                (no ring)
                                (no ring)

@: no status effects
A: almost no armour, stealthy swim, amphibious, 8 rings, constrict 8, camouflage
1, gelatinous body 1
a: Renounce Religion


You were on level 5 of the Dungeon.
You worshipped Qazlal.
Qazlal was noncommittal.
You were hungry.

You visited 2 branches of the dungeon, and saw 7 of its levels.

You collected 196 gold pieces.

Inventory:

Hand Weapons
 a - a +0 trident (weapon)
 m - a +1 trident
 r - a +0 trident
Missiles
 g - 197 stones
 o - 4 tomahawks (quivered)
Armour
 b - a +1 shield (worn)
Jewellery
 f - an uncursed amulet of inaccuracy
 k - an amulet of regeneration (around mantle)
 p - a ring of protection from cold (left tentacle)
 s - an uncursed amulet of rage
Wands
 e - a wand of random effects (12)
 h - a wand of paralysis (13)
 v - a wand of digging (8)
Scrolls
 c - 4 scrolls of remove curse
 t - a scroll of enchant armour
Potions
 i - a potion of curing
 l - a potion of flight {unknown}
 n - a potion of haste {unknown}
 q - 2 potions of lignification {unknown}
 u - a potion of degeneration {unknown}
Comestibles
 d - 11 rations


   Skills:
 + Level 5.0 Fighting
 * Level 6.1 Polearms
 - Level 3.0 Dodging
 + Level 5.0 Shields


You had 6 spell levels left.
You didn't know any spells.
Your spell library was empty.

Dungeon Overview and Level Annotations

Branches:
Dungeon (6/15)             Temple (1/1) D:4

Altars:
Ashenzari
Cheibriados
Dithmenos
Elyvilon
Fedhas
Gozag
Hepliaklqana
Kikubaaqudgha
Makhleb
Nemelex Xobeh
Okawaru
Qazlal
Ru
Sif Muna
Trog
Uskayaw
Vehumet
Wu Jian
Xom
Yredelemnul
Zin
The Shining One

Annotations:
D:4 exclusion: downstairs


Innate Abilities, Weirdness & Mutations

You cannot wear most types of armour.
You are very stealthy in the water. (Stealth+)
You are amphibious.
You can wear up to eight rings at the same time.
You can use your tentacles to constrict eight enemies at once.
Your skin changes colour to match your surroundings (Stealth+).
Your rubbery body absorbs attacks. (AC +1, EV +1)


Message History

You barely miss something. Your squeeze misses something. Something hits you.
Something shocks you.
You hit something but do no damage. Something hits you.
* * * LOW HITPOINT WARNING * * *
Something shocks you.
* * * LOW HITPOINT WARNING * * *
A sky beast appears from thin air!
Reactivating autopickup.
The sky beast hits you but does no damage.
You feel better. The sky beast hits you.
* * * LOW HITPOINT WARNING * * *
The sky beast shocks you.
* * * LOW HITPOINT WARNING * * *
You barely miss the sky beast. You squeeze the sky beast.
The sky beast is severely wounded.
The sky beast hits you but does no damage.
You hit the sky beast but do no damage. Your squeeze misses the sky beast.
The sky beast is severely wounded.
The sky beast hits you.
You die...

#####...####
.#####....##.......
#...######.### #..
.##.......
#....†.......# # ##
##.......
#######.######...#
#...)... ...#
#.######...#
#...>... ##.#
#..........#
#.#####.
##.####.(######..#
####.#####.
##.#.#..........Y#
#..........
##.#.#...####...@#
#..........
##.......####....##
#..........
##.#..............#
#..........
##.#.....##.......#
#..........
......#.###.#..#..#
#..........
##.##.#.#.. #..#..#
#####.#####
........## #.....#
#..)..## ......###
#..#..# #......#
##.#.##
#..#..#####.....##


You could see a sky beast.

Vanquished Creatures
  The ghost of Foic the Cudgeler, an amateur TrBe of Trog (D:3)
  An ogre (D:5)
  A howler monkey (D:5)
  A crimson imp (D:5)
  A bullfrog zombie (D:5)
  An orc priest (D:5)
  3 orc wizards
  2 iguanas
  10 gnolls
  6 adders
  A worm (D:2)
  A leopard gecko (D:3)
  13 orcs
  A ball python (D:3)
  14 bats
  11 giant cockroaches
  8 goblins
  10 hobgoblins
  4 jackals (D:4)
  3 quokkas
  8 frilled lizards
  13 kobolds
  A leopard gecko skeleton (D:4)
  10 rats
125 creatures vanquished.

Notes
Turn   | Place    | Note
-------+----------+-------------------------------------------
     0 | D:1      | Lucibear the Octopode Fighter began the quest for the Orb.
     0 | D:1      | Reached XP level 1. HP: 16/16 MP: 1/1
   127 | D:1      | Reached XP level 2. HP: 21/21 MP: 2/2
   530 | D:1      | Reached XP level 3. HP: 26/26 MP: 3/3
   791 | D:2      | Reached skill level 3 in Polearms
  1344 | D:2      | Reached XP level 4. HP: 31/31 MP: 4/4
  1585 | D:3      | Found a runed gate.
  1585 | D:3      | Found a runed gate.
  1585 | D:3      | Found a runed gate.
  1586 | D:3      | Noticed Foic's ghost (amateur TrBe)
  1659 | D:3      | Found a bloodstained altar of Trog.
  1772 | D:3      | Reached XP level 5. HP: 34/37 MP: 5/5
  1814 | D:3      | Found a blossoming altar of Fedhas.
  2073 | D:3      | Reached skill level 4 in Polearms
  2138 | D:5      | Entered Level 5 of the Dungeon
  2968 | D:3      | Reached XP level 6. HP: 43/43 MP: 6/6
  3220 | D:3      | Killed Foic's ghost
  3540 | D:4      | Reached skill level 5 in Polearms
  3928 | D:4      | Found a staircase to the Ecumenical Temple.
  3945 | Temple   | Entered the Ecumenical Temple
  4019 | Temple   | Became a worshipper of Qazlal Stormbringer
  4246 | D:5      | Reached XP level 7. HP: 40/49 MP: 7/7
  4465 | D:5      | Found an iron altar of Okawaru.
  4639 | D:5      | Reached skill level 5 in Fighting
  4639 | D:5      | Reached skill level 6 in Polearms
  4639 | D:5      | Reached skill level 5 in Shields
  4775 | D:5      | HP: 5/50 [something (6)]
  4776 | D:5      | HP: 1/50 [sky beast (6)]
  4778 | D:5      | Slain by a sky beast

Vault maps used:
D:1:      tarquinn_simple_flora_water_a
D:3:      fedhas_altar_3, gammafunk_ghost_split, first_ration,
          trog_butcher_becter
D:4:      minmay_temple_entry_nine_rooms
D:5:      kennysheep_okawaru_gauntlet
D:6:      minivault_19
Temple:   compressed_dpeg_triangle_lava_temple

Skill      XL: |  1  2  3  4  5  6  7 |
---------------+----------------------+-----
Polearms       | 3 4 5 6 |  6.1
Fighting       | 4 5 |  5.0
Shields        | 4 5 |  5.0
Dodging        | |  3.0

Action                   |  1- 3 |  4- 6 |  7- 9 || total
-------------------------+-------+-------+-------++-------
Melee: Trident           |    86 |   175 |    66 ||   327
       Constrict         |    13 |    34 |     9 ||    56
       Tentacles         |     5 |    30 |    12 ||    47
Throw: Stone             |     2 |       |       ||     2
       Tomahawk          |       |     6 |    14 ||    20
  Use: Scroll            |     4 |     5 |     2 ||    11
       Potion            |       |     3 |     2 ||     5
 Stab: Sleeping          |    17 |     7 |     1 ||    25
  Eat: Chunk             |     1 |    10 |     1 ||    12
Armor: Skin              |     4 |     1 |     3 ||     8
Dodge: Dodged            |    22 |    47 |    19 ||    88
Block: Shield            |    18 |    43 |    20 ||    81

Table legend:
 A = Spawn XP
 B = Non-spawn XP
 C = Spawn XP percentage of total XP
 D = Spawn monster count
 E = Non-spawn monster count
 F = Spawn count percentage of total count
 G = Total turns spent on level
                    A         B        C        D         E        F      G
               +---------+---------+-------+---------+---------+-------+---------
         Total |       0 |    1032 |   0.0 |       0 |     125 |   0.0 |  4778
               +---------+---------+-------+---------+---------+-------+---------
           D:1 |       0 |      45 |   0.0 |       0 |      28 |   0.0 |   774
           D:2 |       0 |      49 |   0.0 |       0 |      23 |   0.0 |   736
           D:3 |       0 |     389 |   0.0 |       0 |      41 |   0.0 |  1924
           D:4 |       0 |      43 |   0.0 |       0 |      11 |   0.0 |   564
           D:5 |       0 |     506 |   0.0 |       0 |      22 |   0.0 |   671
               +---------+---------+-------+---------+---------+-------+---------
